 Dungeon Crawl Stone Soup version 0.31-a0-986-g5e6e4ef867 (webtiles) character file.

Game seed: 16417881011487175751

389 monsoonserge the Ruffian (level 6, -2/57 HPs)
             Began as an Octopode Shapeshifter on Nov 24, 2023.
             Slain by a gnoll sergeant
             ... wielding a +2 spear of freezing
              (5 damage)
             ... on level 5 of the Dungeon.
             The game lasted 00:09:10 (3499 turns).

monsoonserge the Ruffian (Octopode Shapeshifter)    Turns: 3499, Time: 00:09:11

Health: -2/57      AC: 23    Str: 16    XL:     6   Next: 79%
Magic:  0/15       EV:  2    Int: 12    God:
Gold:   246        SH:  0    Dex: 17    Spells: 5/5 levels left

rFire   . .          .
                       - Unarmed
rCold   . . .        (no shield)
rNeg    . . .        (helmet currently unavailable)
rPois   +            e - amulet of guardian spirit
rElec   .            h - +6 ring of dexterity
rCorr   .            i - ring of magical power
SInv    .            u - +5 ring of evasion
Will    .....        (no ring)
Stlth   ++           (no ring)
HPRegen 0.29/turn    (no ring)
MPRegen 0.14/turn    (no ring)
                     (no ring)

%: guardian spirit
@: tree-form
A: stationary, stasis, torment immunity, boosted hp, almost no armour,
(amphibious), 8 rings, (camouflage 1), (gelatinous body 1), (nimble swimmer 1),
(tentacles)
a: no special abilities


You were on level 5 of the Dungeon.
You were a tree.
You visited 1 branch of the dungeon, and saw 5 of its levels.

You collected 246 gold pieces.

Inventory:

Missiles
 f - 2 throwing nets
 q - 14 poisoned darts
Magical Staves
 n - a staff of cold
 s - a staff of air
 v - a staff of fire
Jewellery
 e - an amulet of guardian spirit (around neck)
 h - a +6 ring of dexterity (left branch)
 i - a ring of magical power (right branch)
 u - a +5 ring of evasion (on tentacle)
 y - an amulet of faith
Talismans
 b - a beast talisman
 c - a flux talisman
 g - a serpent talisman
Wands
 B - a wand of mindburst (20)
Scrolls
 d - a scroll of immolation {unknown}
 k - a scroll of enchant armour {unknown}
 m - 3 scrolls of identify {unknown}
 w - 3 scrolls of vulnerability {unknown}
 x - 3 scrolls of teleportation {unknown}
 A - a scroll of butterflies {unknown}
 C - a scroll of enchant weapon {unknown}
 E - a scroll of fog {unknown}
Potions
 a - 3 potions of magic {unknown}
 j - a potion of heal wounds {unknown}
 l - 2 potions of curing {unknown}
 o - 2 potions of experience {unknown}
 p - a potion of invisibility {unknown}
 r - a potion of mutation {unknown}
 t - 2 potions of degeneration {unknown}
 D - 2 potions of haste {unknown}


   Skills:
 + Level 1.5 Fighting
 + Level 2.8 Dodging
 - Level 1.0 Stealth
 * Level 6.0 Unarmed Combat
 + Level 4.2 Shapeshifting


You had 5 spell levels left.
You didn't know any spells.
Your spell library contained the following spells:

 Spells                   Type           Power      Damage    Failure   Level
 Apportation              Tloc           0%         N/A       32%         1
 Necrotise                Necr           0%         1d4       32%         1
 Summon Small Mammal      Summ           0%         N/A       32%         1
 Ensorcelled Hibernation  Hex/Ice        0%         N/A       45%         2
 Passwall                 Tmut/Erth      0%         N/A       45%         2
 Poisonous Vapours        Pois/Air       0%         N/A       45%         2
 Gell's Gravitas          Tloc           0%         N/A       69%         3
 Mephitic Cloud           Conj/Pois/Air  0%         N/A       69%         3
 Swiftness                Air            0%         N/A       69%         3
 Teleport Other           Tloc           0%         N/A       69%         3
 Freezing Cloud           Conj/Ice/Air   0%         6-21      100%        5
 Dispersal                Tloc           0%         N/A       100%        6


Dungeon Overview and Level Annotations

Branches:
Dungeon (5/15)
 Temple: D:4-7

Altars:
Elyvilon
The Shining One

Shops:
D:2 (

Annotations:
D:2 1 runed translucent door, Crazy Yiuf
D:3 2 transporters, Sundig's ghost, amateur FoFi


Innate Abilities, Weirdness & Mutations

You are a tree.
Your roots penetrate the ground, keeping you stationary.
You cannot be teleported.
You are immune to unholy pain and torment.
Your maximum health is greatly increased.
You cannot wear most types of armour.
((You are amphibious.))
You can wear up to eight rings at the same time.
((Your skin changes colour to match your surroundings (Stealth+).))
((Your rubbery body absorbs attacks. (AC +1, EV +1)))
((You are camouflaged when in or above water. (Stealth+)))
((You have tentacles for arms and can constrict up to eight enemies at once.))


Message History

* * * LOW HITPOINT WARNING * * *
The gnoll misses you.
Unknown command.
Your transformation has ended.
You turn into a tree.
Your roots penetrate the ground.
You lose your grip on the gnoll.
The hound bites you but does no damage.
The gnoll sergeant hits you but does no damage.
The hound bites you but does no damage.
The gnoll hits you from afar with a +0 spear.
* * * LOW HITPOINT WARNING * * *
The gnoll hits you but does no damage.
You hit the hound but do no damage.
The hound is severely wounded.
The gnoll sergeant hits you but does no damage.
The hound bites you but does no damage.
The gnoll hits you but does no damage. x2
You closely miss the hound.
The hound is severely wounded.
The hound bites you but does no damage.
The gnoll sergeant hits you from afar with a +2 spear of freezing.
* * * LOW HITPOINT WARNING * * *
The gnoll sergeant freezes you.
* * * LOW HITPOINT WARNING * * *
The hound bites you but does no damage.
You closely miss the hound.
The hound is severely wounded.
The gnoll hits you but does no damage. x2
The gnoll sergeant hits you from afar with a +2 spear of freezing.
* * * LOW HITPOINT WARNING * * *
The gnoll sergeant freezes you. The hound bites you.
* * * LOW HITPOINT WARNING * * *
You smack the hound!
You kill the hound!
The gnoll hits you but does no damage. x2
The gnoll sergeant hits you but does no damage.
Your Unarmed Combat skill increases to level 6!
You hit the gnoll.
You kill the gnoll!
The gnoll hits you but does no damage.
The gnoll sergeant hits you from afar with a +2 spear of freezing.
You die...

.# ##............. #.
#....##..............
#.##....................
#..................>....
.................>......
........................
.....g..............####
.....g†.......#######
......)♣......#
..............#
.............##
#.....#.....##
#############


You could see a gnoll sergeant and a gnoll.

Vanquished Creatures
  A hound (D:5)
  4 orc wizards
  7 adders
  9 gnolls
  2 worms
  3 dart slugs
  18 orcs
  A bat (D:1)
  2 endoplasms
  3 giant cockroaches
  7 goblins
  6 hobgoblins
  9 jackals
  4 quokkas
  6 ball pythons
  2 frilled lizards
  8 kobolds
  9 rats
101 creatures vanquished.

Notes
Turn   | Place    | Note
-------+----------+-------------------------------------------
     0 | D:1      | monsoonserge the Octopode Shapeshifter began the quest for
                  | the Orb.
     0 | D:1      | Reached XP level 1. HP: 13/13 MP: 1/1
   154 | D:1      | Reached XP level 2. HP: 16/18 MP: 2/2
   318 | D:1      | Reached XP level 3. HP: 23/23 MP: 3/3
   324 | D:1      | Found a faded altar of an unknown god.
   830 | D:2      | Found a glowing golden altar of the Shining One.
   869 | D:2      | Found Sentu's Weapon Emporium.
  1069 | D:2      | Found a runed translucent door.
  1070 | D:2      | Noticed Crazy Yiuf
  1249 | D:3      | Reached XP level 4. HP: 20/28 MP: 4/4
  1255 | D:3      | Reached skill level 1 in Stealth
  1662 | D:3      | Reached skill level 4 in Unarmed Combat
  1662 | D:3      | Reached XP level 5. HP: 33/33 MP: 5/5
  1680 | D:3      | Found a transporter.
  1683 | D:3      | Found a transporter.
  1835 | D:3      | Noticed Sundig's ghost (amateur FoFi)
  2858 | D:4      | Found a white marble altar of Elyvilon.
  2938 | D:5      | Entered Level 5 of the Dungeon
  2993 | D:5      | Reached skill level 5 in Unarmed Combat
  2993 | D:5      | Reached XP level 6. HP: 16/38 MP: 6/6
  3497 | D:5      | HP: 2/57 [hound (2)]
  3499 | D:5      | Reached skill level 6 in Unarmed Combat
  3499 | D:5      | Slain by a gnoll sergeant

Illustrated notes

Levels and vault maps discovered:
D:1:      dpeg_arrival_concentric_ovals, layout_basic,
          hellmonk_ecumenical_altar_lost_god
D:2:      layout_rooms, basic_altar, serial_shops, shop, uniq_crazy_yiuf_cottage
D:3:      layout_basic, gammafunk_ghost_mausoleum, serial_forest,
          infiniplex_forest_join, infiniplex_forest_straight_4,
          infiniplex_forest_clump_double, infiniplex_forest_join,
          infiniplex_forest_end_1, infiniplex_forest_straight_2,
          infiniplex_forest_lined_corner, infiniplex_forest_fountain,
          infiniplex_forest_end_1, kennysheep_pointless_box, nicolae_titane
D:4:      layout_loops_cross, lemuel_crystal_altar
D:5:      layout_rooms

Skill      XL: |  1  2  3  4  5  6 |
---------------+-------------------+-----
Shapeshifting  | 4 |  4.2
Stealth        | 1 |  1.0
Unarmed Combat | 4 5 6 |  6.0
Fighting       | |  1.5
Dodging        | |  2.8

Action                     |  1- 3 |  4- 6 || total
---------------------------+-------+-------++-------
  Melee: Unarmed           |    78 |   168 ||   246
         Constrict         |    22 |    37 ||    59
         Tentacles         |    14 |    43 ||    57
         Punch             |     2 |     6 ||     8
    Use: Potion            |     1 |     1 ||     2
   Stab: Sleeping          |     7 |     5 ||    12
 Armour: Skin              |    43 |    74 ||   117
  Dodge: Dodged            |    27 |    91 ||   118

Table legend: (Time is in decaauts)
 A = Elapsed time spent in this place.
 B = Non-inter-level travel time spent in this place.
 C = Inter-level travel time spent in this place.
 D = Time resting spent in this place.
 E = Time spent auto-exploring this place.
 F = Levels seen in this place.
 G = Mean time per level.
                   A        B        C        D        E       F      G
               +--------+--------+--------+--------+--------+-----+--------+
         Total |   3486 |   3319 |    167 |    257 |   1961 |   5 |  697.2 |
       Dungeon |   3486 |   3319 |    167 |    257 |   1961 |   5 |  697.2 |
               +--------+--------+--------+--------+--------+-----+--------+

Top non-repeatable levels by time:
     D:3: 940 daAuts
     D:4: 936 daAuts
     D:1: 732 daAuts
     D:2: 543 daAuts
     D:5: 333 daAuts
